 Dungeon Crawl Stone Soup version 0.27-a0-1378-gdefffd1ff6 (webtiles) character file.

Game seed: 8423620150449005794

9107 dinky3 the Covert (level 11, -5/64 (68) HPs)
             Began as a Vampire Delver on June 29, 2021.
             Was the Champion of Okawaru.
             Slain by an eight-headed hydra (6 damage)
             ... on level 12 of the Dungeon.
             The game lasted 00:32:26 (4792 turns).

dinky3 the Covert (Vampire Delver)                  Turns: 4792, Time: 00:32:26

HP:   -5/64 (68)    AC:  8    Str:  9    XL:     11   Next: 18%
MP:   2/4           EV: 14    Int: 18    God:    Okawaru [******]
Gold: 367           SH:  0    Dex: 22    Spells: 11/14 levels left

rFire    + . .     SeeInvis +   x - +7 short sword of Skirmishing {antimagic, Drain Will+++ rCorr Str-5}
rCold    + . .     Faith    .   (no shield)
rNeg     + + +     Spirit   .   J - +0 swamp dragon scales
rPois    ∞         Reflect  .   G - +0 hat
rElec    +         Harm     .   z - scarf {+Inv}
rCorr    +         Rampage  .   d - +0 pair of gloves
Will     ++++.                  (no boots)
Stlth    +++++++...             O - amulet "Kamet" {rElec rC- Regen+ Int+6}
HPRegen  0.00/turn              H - ring of protection from fire
MPRegen  0.09/turn              K - ring of Neofotack {Wiz Dex+5 SInv}

@: very slightly contaminated, bloodless, slowed, drained, invisible (expiring),
very slow
A: bloodless, fangs 3, see invisible, vampiric 2
a: Bat Form, Revivify, Renounce Religion, Evoke Invisibility, Heroism, Finesse


You were on level 12 of the Dungeon.
You worshipped Okawaru.
Okawaru was exalted by your worship.
You visited 1 branch of the dungeon, and saw 13 of its levels.
You also visited: Gauntlet.

You collected 367 gold pieces.

Inventory:

Hand Weapons
 a - a +0 great sword
 b - a +0 dagger
 n - a +0 whip of draining
 q - a +0 short sword
 x - the +7 short sword of Skirmishing (weapon) {antimagic, Drain Will+++ rCorr Str-5}
   (You found it on level 5 of the Dungeon)

   It reduces the magical energy of the wielder, and disrupts the spells and
   magical abilities of those hit.
   Natural abilities and divine invocations are not affected.
   Str:       It affects your strength (-5).
   rCorr:     It protects you from acid and corrosion.
   Drain:     It drains your maximum health when unequipped.
   Will:      It greatly increases your willpower.
 I - a +2 long sword of draining
 R - a +2 war axe of electrocution
Missiles
 l - 2 throwing nets
 t - 23 boomerangs
 y - 6 curare-tipped darts
 B - 32 poisoned darts (quivered)
 F - 8 boomerangs of dispersal
 P - 8 javelins
Armour
 d - a +0 pair of gloves (worn)
 o - a +0 cloak
 p - a +0 leather armour
 v - a +0 chain mail
 z - a scarf of invisibility (worn)
 G - a +0 hat (worn)
 J - +0 swamp dragon scales (worn)
 S - a +2 kite shield of protection
 V - a +0 troll leather armour
 W - a +2 pair of boots of rampaging
Jewellery
 u - a ring of positive energy
 H - a ring of protection from fire (left hand)
 K - the ring of Neofotack (right hand) {Wiz Dex+5 SInv}
   (You found it in a Gauntlet)

   [ring of wizardry]

   It improves your spell success rate.Dex: It affects your dexterity (+5).
   SInv:      It lets you see invisible.
 M - the ring "Tateuh" {*Slow rElec rC++ rCorr Str+3}
   (You found it in a Gauntlet)

   [ring of resist corrosion]

   Str:       It affects your strength (+3).
   rC:        It greatly protects you from cold.
   rElec:     It insulates you from electricity.
   rCorr:     It protects you from acid and corrosion.
   *Slow:     It may slow you when you take damage.
 O - the amulet "Kamet" (around neck) {rElec rC- Regen+ Int+6}
   (You took it off a minotaur in a Gauntlet)

   [amulet of regeneration]

   Int:       It affects your intelligence (+6).
   rC:        It makes you vulnerable to cold.
   rElec:     It insulates you from electricity.
   Regen:     It increases your rate of health regeneration.
 U - a +6 ring of intelligence
Wands
 g - a wand of digging (7)
 h - a wand of iceblast (13)
 w - a wand of mindburst (15)
 Q - a wand of paralysis (3)
Scrolls
 c - 2 scrolls of fog
 i - a scroll of teleportation
 r - 5 scrolls of vulnerability
 s - a scroll of magic mapping
 L - a scroll of enchant weapon {unknown}
 N - 2 scrolls of enchant armour {unknown}
Potions
 f - a potion of haste
 j - a potion of attraction
 m - 4 potions of brilliance
 A - a potion of flight {unknown}
 C - a potion of berserk rage {unknown}
 D - a potion of lignification {unknown}
 E - 3 potions of curing {unknown}
 T - a potion of invisibility {unknown}


   Skills:
 + Level 7.7 Fighting
 - Level 7.9 Short Blades
 + Level 1.9 Armour
 + Level 7.2 Dodging
 + Level 11.1 Stealth
 + Level 2.1 Shields
 - Level 2.0 Spellcasting
 - Level 6.0 Transmutations
 - Level 2.3 Invocations
 + Level 7.5 Evocations


You had 11 spell levels left.
You knew the following spells:

 Your Spells              Type           Power      Damage    Failure   Level
a - Beastly Appendage     Tmut           46%        N/A       1%          1
b - Wereblood             Tmut           23%        N/A       2%          2

Your spell library contained the following spells:

 Spells                   Type           Power      Damage    Failure   Level
 Spider Form              Tmut/Pois      6%         N/A       16%         3
 Ignite Poison            Fire/Tmut/Pois 9%         N/A       26%         3
 Ice Form                 Ice/Tmut       12%        N/A       45%         4
 Summon Lightning Spire   Summ/Air       1%         N/A       86%         4
 Statue Form              Tmut/Erth      8%         N/A       100%        6
 Dragon Form              Tmut           11%        N/A       100%        7


Dungeon Overview and Level Annotations

Branches:
Dungeon (13/15)            Temple (0/1) D:6         Gauntlet (visited)
   Lair: D:8-11         Orc: D:9-12      Vaults: D:13-14

Altars:
Ashenzari
Elyvilon
Fedhas
Okawaru
Sif Muna
Uskayaw
Xom
Zin


Innate Abilities, Weirdness & Mutations

You do not regenerate when monsters are visible.
You are frail without blood (-20% HP).
You can heal yourself when you bite living creatures.
You are immune to poison.
You have razor-sharp teeth.
You have supernaturally acute eyesight. (SInv)
You are afflicted with vampirism and can become a bat while bloodless.


Message History

You catch the helpless eight-headed hydra completely off-guard!
You bite the eight-headed hydra, and draw its blood!
You feel better.
You impale the eight-headed hydra!!
The eight-headed hydra is heavily wounded.
Aiming: Mindburst
Press: ? - help, Shift-Dir - straight line, f/p - eight-headed hydra
Aim: an eight-headed hydra (heavily wounded, chance to affect: 59%)
The wraith resists with significant effort.
You closely miss the wraith.
The wraith is severely damaged.
The wraith hits you! The wraith drains your vigour!
You feel yourself slow down.
You completely miss the wraith. Your bite misses the wraith.
The wraith is severely damaged.
You strike the helpless eight-headed hydra from behind!
You bite the eight-headed hydra, and draw its blood!
You feel better.
You impale the eight-headed hydra!! You bite the eight-headed hydra.
The eight-headed hydra is almost dead.
The eight-headed hydra bites you! The eight-headed hydra bites you.
The eight-headed hydra closely misses you.
The eight-headed hydra bites you!
* * * LOW HITPOINT WARNING * * *
The eight-headed hydra closely misses you.
The eight-headed hydra bites you!
* * * LOW HITPOINT WARNING * * *
The eight-headed hydra closely misses you. x2
Unknown command.
Casting: Beastly Appendage (safe; 1% risk of failure)
Confirm with . or Enter, or press ? or * to list all spells.
Okay, then.
Okay, then.
Okay, then.
Aiming: Paralyse
Press: ? - help, Shift-Dir - straight line, f/p - eight-headed hydra
Aim: an eight-headed hydra (almost dead, wandering, hasn't noticed you, chance to affect: 32%)
The eight-headed hydra easily resists.
You flicker for a moment.
The eight-headed hydra bites you.
You die...

###### #.##.# #....# #.##.#
####### #..#.# ####.....# ##.#..
#.DW..##.# #.### #@##..##.# #....
######## #.##..##.# #<...
#......# #####.##)....# ####..
###.(....###.....##.########.....
>.'......'................<......
.##......###.######.......##.#...
.##......# #.# #######.##.#...
.##......#...# ##########.##.....
.............. ..................


You could see an eight-headed hydra (wandering) and a wraith.

Vanquished Creatures
  Gastronok (D:10)
  A minotaur (Gauntlet)
  A manticore (D:13)
  An ugly thing (D:12)
  A moth of wrath (Gauntlet)
  A gargoyle (D:12)
  Maggie (D:10)
  A kobold demonologist (D:11)
  2 trolls
  2 redbacks (Gauntlet)
  4 flying skulls (Gauntlet)
  4 vampire mosquitoes (D:13)
  An acid dragon (D:12)
  2 water moccasins
  3 orc warriors
  A sky beast (D:7)
  An ice beast (D:7)
  A centaur (D:12)
  An ogre (D:4)
  3 bullfrogs
  4 kobold brigands
  3 killer bees (D:7)
  3 howler monkeys
  An orc priest (D:4)
  3 centaur zombies
  2 jellies (D:7)
  A bullfrog skeleton (D:5)
  3 hounds
  5 iguanas
  A centaur skeleton (D:5)
  8 orc wizards
  A scorpion zombie (D:5)
  An ogre zombie (D:10)
  2 hound skeletons
  A howler monkey zombie (D:5)
  7 adders
  A shadow imp (D:6)
  A white imp (D:7)
  An adder skeleton (D:2)
  23 orcs
  8 ball pythons
  2 bat skeletons (D:2)
  4 endoplasms
  7 hobgoblins
  6 jackals (D:2)
  13 kobolds
  A quokka (D:5)
  4 bats
  4 frilled lizards
  4 goblins
  An orc skeleton (D:10)
  An orc zombie (D:10)
  A quokka skeleton (D:2)
  4 rats
165 creatures vanquished.

Vanquished Creatures (others)
  A plant (D:4)
  16 withered plants
17 creatures vanquished.

Grand Total: 182 creatures vanquished

Notes
Turn   | Place    | Note
-------+----------+-------------------------------------------
     0 | D:5      | dinky3 the Vampire Delver began the quest for the Orb.
     0 | D:5      | Reached XP level 1. HP: 17/17 MP: 1/1
    22 | D:5      | Noticed an iguana
    25 | D:5      | Reached XP level 2. HP: 23/23 MP: 2/2
   187 | D:2      | Gained mutation: You are afflicted with vampirism and can
                  | become a bat while bloodless. [Vampire growth]
   187 | D:2      | Reached XP level 3. HP: 27/29 MP: 3/3
   244 | D:2      | Reached skill level 8 in Stealth
   287 | D:2      | Found an iron altar of Okawaru.
   329 | D:2      | Reached XP level 4. HP: 11/35 MP: 4/4
   350 | D:2      | Became a worshipper of Warmaster Okawaru
   425 | D:1      | You fall into a shaft and drop 1 floor!
   897 | D:4      | Reached XP level 5. HP: 33/42 MP: 5/5
  1087 | D:4      | Reached skill level 9 in Stealth
  1151 | D:5      | Reached XP level 6. HP: 43/48 MP: 6/6
  1171 | D:4      | Reached * piety under Okawaru
  1179 | D:4      | Found a blossoming altar of Fedhas.
  1276 | D:5      | Reached skill level 5 in Short Blades
  1306 | D:5      | Reached XP level 7. HP: 30/55 MP: 7/7
  1361 | D:5      | Reached skill level 10 in Stealth
  1370 | D:5      | Identified the +7 short sword of Skirmishing {antimagic,
                  | Drain Will+++ rCorr Str-5}
  1503 | D:6      | Found a shimmering altar of Xom.
  1503 | D:6      | Found a shimmering blue altar of Sif Muna.
  1604 | D:6      | Reached ** piety under Okawaru
  1605 | D:6      | Reached skill level 5 in Fighting
  1662 | D:6      | Found a staircase to the Ecumenical Temple.
  2044 | D:7      | Reached XP level 8. HP: 44/63 MP: 8/8
  2127 | D:8      | Reached skill level 1 in Invocations
  2270 | D:8      | Noticed a red ugly thing
  2413 | D:7      | Found a broken altar of Ashenzari.
  2443 | D:7      | Learned a level 1 spell: Beastly Appendage
  2446 | D:7      | Learned a level 2 spell: Wereblood
  2607 | D:7      | Reached skill level 1 in Spellcasting
  2607 | D:7      | Reached skill level 1 in Transmutations
  2669 | D:8      | Reached *** piety under Okawaru
  2700 | D:7      | HP: 3/64 [poisoned by a killer bee]
  3080 | D:8      | Found a hide-covered altar of Uskayaw.
  3217 | D:10     | Entered Level 10 of the Dungeon
  3259 | D:10     | Noticed Gastronok
  3401 | D:10     | Killed Gastronok
  3401 | D:10     | Reached **** piety under Okawaru
  3401 | D:10     | Received a gift from Okawaru
  3402 | D:10     | Reached XP level 9. HP: 72/72 MP: 1/12
  3700 | D:10     | Noticed Maggie
  3700 | D:10     | Noticed a two-headed ogre
  3723 | D:10     | Killed Maggie
  3724 | D:10     | Reached XP level 10. HP: 59/79 MP: 4/13
  3748 | D:10     | Noticed a rust devil
  3829 | D:11     | Found a gate leading to a gauntlet.
  3838 | D:11     | Reached skill level 1 in Evocations
  3886 | Gauntlet | Entered a Gauntlet
  3886 | Gauntlet | Found a transporter.
  3886 | Gauntlet | Found a transporter.
  3886 | Gauntlet | Found a transporter.
  3887 | Gauntlet | Found a transporter.
  3891 | Gauntlet | Found a transporter.
  3895 | Gauntlet | Found a transporter.
  3896 | Gauntlet | Noticed a rust devil
  3901 | Gauntlet | Found a transporter.
  3904 | Gauntlet | Found a transporter.
  3904 | Gauntlet | Noticed a fire crab
  3905 | Gauntlet | Found a transporter.
  3907 | Gauntlet | Noticed a moth of wrath
  3913 | Gauntlet | Found a transporter.
  3915 | Gauntlet | Found a transporter.
  3921 | Gauntlet | Found a transporter.
  3971 | Gauntlet | Identified the ring of Neofotack {Wiz Dex+5 SInv}
  4026 | Gauntlet | Reached ***** piety under Okawaru
  4218 | Gauntlet | Reached skill level 5 in Evocations
  4222 | Gauntlet | Killed a moth of wrath
  4229 | Gauntlet | Identified the ring "Tateuh" {*Slow rElec rC++ rCorr Str+3}
  4358 | Gauntlet | Identified the amulet "Kamet" {rElec rC- Regen+ Int+6}
  4358 | Gauntlet | Noticed a minotaur
  4379 | Gauntlet | Killed a minotaur
  4386 | Gauntlet | Got Keureg Seng's Compendium of Unstable Companions
  4492 | D:12     | Noticed a gargoyle
  4501 | D:12     | Reached skill level 1 in Shields
  4519 | D:12     | Killed a gargoyle
  4520 | D:12     | Reached skill level 1 in Armour
  4547 | D:12     | Noticed a cyan ugly thing
  4553 | D:12     | Killed a cyan ugly thing
  4553 | D:12     | Received a gift from Okawaru
  4554 | D:12     | Reached XP level 11. HP: 46/67 MP: 4/14
  4580 | D:12     | Noticed an eight-headed hydra
  4694 | D:13     | Reached skill level 11 in Stealth
  4712 | D:13     | Reached ****** piety under Okawaru
  4712 | D:13     | Received a gift from Okawaru
  4713 | D:13     | Noticed a centaur warrior
  4722 | D:13     | Noticed a two-headed ogre
  4790 | D:12     | HP: 1/64 [eight-headed hydra (10)]
  4792 | D:12     | Slain by an eight-headed hydra

Illustrated notes

Levels and vault maps discovered:
D:1:      dpeg_arrival_arbitrary_b, layout_loops_corners, serial_shops,
          shop_coins, shop, serial_bayou_lagoon_b
D:2:      layout_loops_ring, serial_undead, serial_undead_f, serial_undead_a,
          serial_undead_c, serial_undead_b, basic_altar, uniq_crazy_yiuf_cottage
D:3:      layout_basic, chequers_serial_rivers_micro_d,
          kennysheep_generic_room_14
D:4:      layout_loops_ring, chequers_temple_overflow_statue_of_worship,
          portal_sewer_entry_d, saegor_snake_ambush
D:5:      layout_cave_pools
D:6:      layout_basic, gammafunk_temple_overflow_wave,
          minmay_temple_entry_large_hall, glass_columns_a
D:7:      layout_loops_ring, nicolae_overflow_hidden_temple
D:8:      layout_cave_pools, general_overflow_altar, minmay_lair_entry_grove,
          serial_park, serial_park_square3 [serial_park_minivault_5x5_1],
          serial_park_tiny_2, serial_park_square3 [serial_park_minivault_5x5_4],
          minmay_checkerbox
D:9:      layout_gridville, lemuel_doored_altar
D:10:     layout_loops_ring, zombieorc1_lemuel, kennysheep_generic_room_2,
          uniq_gastronok, uniq_maggie
D:11:     minmay_firetagon, layout_irregular_city, gauntlet_entry_generic
D:12:     layout_basic
D:13:     layout_rooms, hangedman_decor_peaks_small, nicolae_twisting_strands

Skill      XL: |  1  2  3  4  5  6  7  8  9 10 11 |
---------------+----------------------------------+-----
Fighting       | 3 4 5 7 |  7.7
Short Blades   | 3 4 5 7 |  7.9
Stealth        | 8 9 10 11 | 11.1
Dodging        | 3 6 7 |  7.2
Invocations    | 2 |  2.3
Spellcasting   | 2 |  2.0
Transmutations | 6 |  6.0
Evocations     | 7 |  7.5
Shields        | 1 2 |  2.1
Armour         | 1 |  1.9

Action                   |  1- 3 |  4- 6 |  7- 9 | 10-12 || total
-------------------------+-------+-------+-------+-------++-------
Melee: Short sword       |    83 |    32 |   135 |   187 ||   437
       Bite              |    11 |    11 |    23 |    21 ||    66
       Dagger            |       |    18 |     7 |       ||    25
       Great sword       |       |    75 |    46 |       ||   121
       Punch             |       |       |     2 |     2 ||     4
       Kick              |       |       |       |     4 ||     4
       Headbutt          |       |       |       |     2 ||     2
Throw: Dart              |       |       |    16 |     1 ||    17
       Throwing net      |       |       |     2 |     1 ||     3
       Boomerang         |       |       |     1 |       ||     1
 Cast: Beastly Appendage |       |       |       |     1 ||     1
Invok: Heroism           |       |       |     8 |     6 ||    14
 Abil: Evoke Invisibilit |       |       |       |     4 ||     4
       Exsanguinate      |       |       |       |     1 ||     1
Evoke: Wand              |     1 |       |    11 |    10 ||    22
  Use: Scroll            |     1 |     4 |     4 |     4 ||    13
       Potion            |       |       |     3 |     2 ||     5
 Stab: Sleeping          |    10 |     8 |    10 |     6 ||    34
       Held in net/web   |       |       |     5 |     2 ||     7
       Invisible         |       |       |       |    10 ||    10
       Paralysed         |       |       |       |     1 ||     1
Armor: Leather armour    |    25 |    61 |    40 |       ||   126
       Swamp dragon scal |       |       |       |    72 ||    72
Dodge: Dodged            |    47 |   126 |   138 |   172 ||   483
       Rpst.: Great sword |       |    27 |    18 |       ||    45

Table legend: (Time is in decaauts)
 A = Elapsed time spent in this place.
 B = Non-inter-level travel time spent in this place.
 C = Inter-level travel time spent in this place.
 D = Time resting spent in this place.
 E = Time spent auto-exploring this place.
 F = Levels seen in this place.
 G = Mean time per level.
                   A        B        C        D        E       F      G
               +--------+--------+--------+--------+--------+-----+--------+
         Total |   4734 |   4566 |    168 |    336 |      0 |  14 |  338.1 |
       Dungeon |   4266 |   4098 |    168 |    117 |      0 |  13 |  328.2 |
      Gauntlet |    468 |    468 |      0 |    219 |      0 |   1 |  468.0 |
               +--------+--------+--------+--------+--------+-----+--------+

Top non-repeatable levels by time:
     D:7: 1183 daAuts
     D:4: 498 daAuts
Gauntlet: 468 daAuts
    D:10: 442 daAuts
     D:3: 383 daAuts
     D:5: 308 daAuts
     D:6: 297 daAuts
     D:2: 278 daAuts
     D:9: 240 daAuts
    D:12: 230 daAuts
    D:11: 146 daAuts
     D:8: 133 daAuts
     D:1: 72 daAuts
    D:13: 51 daAuts
